 Dungeon Crawl Stone Soup version 0.29-a0-542-g075992c915 (webtiles) character file.

Game seed: 12607564566372762008

25 jt the Chopper (level 3, 0/31 HPs)
             Began as a Meteoran Cinder Acolyte on June 4, 2022.
             Was a High Priest of Ignis.
             Slain by an ogre
             ... wielding a +0 giant club
              (8 damage)
             ... on level 4 of the Dungeon.
             The game lasted 00:03:06 (841 turns).

jt the Chopper (Meteoran Cinder Acolyte)             Turns: 841, Time: 00:03:07

Health: 0/31       AC: 15    Str: 17    XL:     3   Next: 35%
Magic:  6/6        EV:  6    Int: 15    God:    Ignis [*****.]
Gold:   79         SH:  0    Dex: 10    Spells: 4/4 levels left

rFire   + . .      SeeInvis .   a - -1 hand axe (flame)
rCold   . . .      Faith    .   (no shield)
rNeg    . . .      Spirit   .   f - +0 chain mail
rPois   .          Reflect  .   (no helmet)
rElec   .          Harm     .   (no cloak)
rCorr   .          Rampage  .   (no gloves)
Will    .....                   (no boots)
Stlth   ..........              (no amulet)
HPRegen 0.10/turn               (no ring)
MPRegen 0.10/turn               (no ring)

@: fiery-armoured, glowing
A: sense surroundings 1, otherworldly, glowing, explore regen
a: Renounce Religion, Fiery Armour, Foxfire Swarm, Rising Flame


You were on level 4 of the Dungeon.
You worshipped Ignis.
Ignis was extremely pleased with you.
You visited 1 branch of the dungeon, and saw 4 of its levels.

You collected 79 gold pieces.

Inventory:

Hand Weapons
 a - a -1 hand axe of flaming (weapon)
 j - a +1 dagger of venom
Missiles
 c - 6 javelins (quivered)
 e - 6 boomerangs
 l - 22 stones
Armour
 b - a +0 robe
 f - a +0 chain mail (worn)
Scrolls
 d - a scroll of poison
 g - 2 scrolls of identify
 i - a scroll of enchant armour {unknown}
 k - a scroll of fog {unknown}
 m - a scroll of blinking {unknown}
 n - a scroll of acquirement {unknown}
Potions
 h - 2 potions of lignification {unknown}
 o - a potion of heal wounds {unknown}


   Skills:
 - Level 3.2 Fighting
 + Level 4.8 Axes
 + Level 1.0 Armour
 - Level 1.3 Spellcasting
 - Level 3.6 Fire Magic


You had 4 spell levels left.
You didn't know any spells.
Your spell library contained the following spells:

 Spells                   Type           Power      Damage    Failure   Level
 Scorch                   Fire           22%        2d6       80%         2
 Portal Projectile        Hex/Tloc       2%         N/A       100%        3
 Tukima's Dance           Hex            1%         N/A       100%        3
 Blade Hands              Tmut           0%         N/A       100%        5


Dungeon Overview and Level Annotations

Branches:
Dungeon (4/15)
 Temple: D:4-7

Altars:
Ru


Innate Abilities, Weirdness & Mutations

You passively map a small area around you.
You are easily found by Zot.
You glow in the dark.
You regain HP and MP as you explore.


Message History

You hit the kobold. You burn the kobold.
The kobold is severely wounded.
The kobold hits you but does no damage.
You slash the kobold! You burn the kobold.
You kill the kobold!
A giant cockroach comes into view.
An ogre comes into view. It is wielding a +0 giant club.
Found a whip.
You hit the endoplasm. You burn the endoplasm.
The endoplasm is heavily wounded.
The endoplasm freezes you.
You are frozen.
You hit the endoplasm but do no damage.
The endoplasm is heavily wounded.
The endoplasm freezes you.
You are frozen.
You hit the endoplasm but do no damage.
The endoplasm is heavily wounded.
The endoplasm hits you but does no damage.
You hit the endoplasm. You burn the endoplasm.
You kill the endoplasm!
As you read the scroll labelled ICUTEC FACYMOU, it crumbles to dust.
It is a scroll of identify.
d - a scroll of poison The ogre hits you with a +0 giant club!!
Ouch! That really hurt!
* * * LOW HITPOINT WARNING * * *
Okay, then.
Okay, then.
A protective cloak of flame settles atop you.
The giant cockroach bites you but does no damage.
The giant cockroach is burned by your cloak of flames.
You kill the giant cockroach!
A jelly comes into view.
Your Armour skill increases to level 1!
Press: ? - help, v - describe, . - travel
Here: an ogre, wielding a +0 giant club The floor.
You barely miss the ogre. The ogre hits you with a +0 giant club!
You die...

* , * ..#....J.#,
)........#,
.........# *
.........#,, ,
.........#######*
, #..........!...
* #..............
, #.@....#** ,
##O..#....
,#<#.#, . ,
#........ ,,
,...##....
,,...## ..... *
,..... , .... * ,
,...... , ,... ,
....... , ...,


You could see an ogre and a jelly.

Vanquished Creatures
  2 bats
  2 endoplasms
  A giant cockroach (D:4)
  2 goblins (D:2)
  3 hobgoblins
  4 jackals (D:1)
  A kobold (D:4)
  2 quokkas
  2 ball pythons (D:1)
  A rat (D:1)
20 creatures vanquished.

Notes
Turn   | Place    | Note
-------+----------+-------------------------------------------
     0 | D:1      | jt the Meteoran Cinder Acolyte began the quest for the Orb.
     0 | D:1      | Reached XP level 1. HP: 19/19 MP: 3/3
   137 | D:1      | Reached skill level 4 in Axes
   137 | D:1      | Reached XP level 2. HP: 3/26 MP: 5/5
   419 | D:1      | Found a faded altar of an unknown god.
   497 | D:1      | Glimpsed the power of Zot.
   547 | D:1      | Glimpsed the power of Zot.
   668 | D:2      | Reached XP level 3. HP: 31/31 MP: 6/6
   674 | D:2      | Found a sacrificial altar of Ru.
   834 | D:4      | Noticed an ogre
   841 | D:4      | Reached skill level 1 in Armour
   841 | D:4      | Slain by an ogre

Illustrated notes

Levels and vault maps discovered:
D:1:      tarquinn_simple_flora_water_e, layout_basic,
          hellmonk_ecumenical_altar_crossroads, serial_glass, glass_columns_c,
          glass_columns_b, glass_columns_b, glass_columns_a, glass_columns_a,
          glass_columns_a, glass_columns_c, glass_columns_a, glass_columns_a,
          glass_columns_b
D:2:      layout_loops_ring, basic_altar
D:3:      layout_loops_corners, gammafunk_ghost_nasty_kobolds,
          minmay_liquid_box, kennysheep_pointless_box
D:4:      layout_cave_pools, minivault_5, hangedman_decor_clover_reticule,
          minmay_small_thing

Skill      XL: |  1  2  3 |
---------------+----------+-----
Axes           | 4 |  4.8
Armour         | 1 |  1.0
Fighting       | |  3.2
Spellcasting   | |  1.3
Fire Magic     | |  3.6

Action                   || total
-------------------------++-------
Melee: Hand axe          ||    89
       Punch             ||     1
Invok: Fiery Armour      ||     2
  Use: Scroll            ||     1
Armor: Robe              ||     1
       Chain mail        ||    43
Dodge: Dodged            ||    34

Table legend: (Time is in decaauts)
 A = Elapsed time spent in this place.
 B = Non-inter-level travel time spent in this place.
 C = Inter-level travel time spent in this place.
 D = Time resting spent in this place.
 E = Time spent auto-exploring this place.
 F = Levels seen in this place.
 G = Mean time per level.
                   A        B        C        D        E       F      G
               +--------+--------+--------+--------+--------+-----+--------+
         Total |    847 |    746 |    101 |      0 |    114 |   4 |  211.8 |
       Dungeon |    847 |    746 |    101 |      0 |    114 |   4 |  211.8 |
               +--------+--------+--------+--------+--------+-----+--------+

Top non-repeatable levels by time:
     D:1: 560 daAuts
     D:2: 230 daAuts
     D:3: 44 daAuts
     D:4: 12 daAuts
